 Dungeon Crawl Stone Soup version 0.30-a0-743-gbfdf073431 (webtiles) character file.

Game seed: 1079540802072146642

158 Lavandula the Slasher (level 5, -2/41 HPs)
             Began as a Human Monk on Feb 6, 2023.
             Splashed by a jelly's acid (5 damage)
             ... on level 4 of the Dungeon.
             The game lasted 00:04:52 (3160 turns).

Lavandula the Slasher (Human Monk)                  Turns: 3160, Time: 00:04:52

Health: -2/41      AC: -10   Str: 13    XL:     5   Next: 66%
Magic:  5/5        EV: 13    Int: 11    God:
Gold:   228        SH:  0    Dex: 15    Spells: 4/4 levels left

rFire   . . .      SeeInvis .    a - +0 falchion
rCold   . . .      Faith    .    (no shield)
rNeg    . . .      Spirit   .    b - +0 robe
rPois   .          Reflect  .    (no helmet)
rElec   .          Harm     .    (no cloak)
rCorr   .          Rampage  .    (no gloves)
Will    .....                    (no boots)
Stlth   ++                       (no amulet)
HPRegen 0.26/turn                (no ring)
MPRegen 0.09/turn                (no ring)

@: corroded
A: no striking features
a: no special abilities


You were on level 4 of the Dungeon.
You visited 1 branch of the dungeon, and saw 4 of its levels.

You collected 228 gold pieces.

Inventory:

Hand Weapons
 a - a +0 falchion (weapon)
 j - a +0 rapier
Armour
 b - a +0 robe (worn)
 g - a scarf of shadows
Scrolls
 e - a scroll of fear {unknown}
 h - a scroll of noise {unknown}
 i - 2 scrolls of identify {unknown}
 k - 2 scrolls of enchant weapon {unknown}
 n - 2 scrolls of enchant armour {unknown}
 o - a scroll of vulnerability {unknown}
 p - a scroll of amnesia {unknown}
 r - a scroll of teleportation {unknown}
 s - a scroll of brand weapon {unknown}
Potions
 c - a potion of ambrosia
 d - 2 potions of berserk rage {unknown}
 f - a potion of heal wounds {unknown}
 l - 4 potions of curing {unknown}
 m - a potion of cancellation {unknown}
 q - a potion of might {unknown}


   Skills:
 - Level 3.0 Fighting
 - Level 1.4(3.8) Short Blades
 + Level 5.6(5.7) Long Blades
 - Level 3.0 Dodging
 - Level 2.0 Stealth


You had 4 spell levels left.
You didn't know any spells.
Your spell library was empty.

Dungeon Overview and Level Annotations

Branches:
Dungeon (4/15)
 Temple: D:4-7

Altars:
Sif Muna

Annotations:
D:3 Terence


Message History

Throw: 2 darts (poison)
Press: ? - help, Q - select action Shift-Dir - straight line, f/p - jelly
Aim: a jelly (89% to hit)
You throw a poisoned dart. The poisoned dart hits the jelly.
Throw: dart (poison)
Press: ? - help, Q - select action Shift-Dir - straight line, f/p - jelly
Aim: a jelly (89% to hit)
You throw a poisoned dart. The poisoned dart hits the jelly.
The jelly is poisoned.
You slash the jelly!
Your hands burn!
The jelly is moderately wounded.
The jelly barely misses you.
You hit the jelly.
Your hands burn!
The jelly is moderately wounded.
The jelly misses you.
You hit the jelly but do no damage.
Your hands burn!
The jelly is moderately wounded.
The jelly misses you.
You slash the jelly!
Your hands burn!
The jelly is heavily wounded.
The jelly misses you.
You hit the jelly.
Your hands burn!
The jelly is heavily wounded.
The jelly hits you but does no damage.
You slash the jelly!
Your hands burn!
The jelly is severely wounded.
The jelly hits you. The acid corrodes you!
You are splashed with acid!
You are too injured to fight recklessly!
You barely miss the jelly.
The jelly is almost dead.
The jelly looks more healthy.
The jelly hits you. The acid corrodes you!
You are splashed with acid!
* * * LOW HITPOINT WARNING * * *
You hit the jelly.
Your hands burn!
* * * LOW HITPOINT WARNING * * *
The jelly is almost dead.
The jelly hits you.
* * * LOW HITPOINT WARNING * * *
The acid corrodes you!
You are splashed with acid.
You die...

#. #. #.##. ##.. ....
.... #.. ##.. #.. ####
... #.. #.... #.#
#####..
#.((.?#####.######......
#((J@..#.............
#.....###........#..[...
#.... #....##..#####..
#### #.....#..# #..
#.....#..# #..
#..##<#..# #.. #...
....# ##. #### .#### .
.# .


You could see a jelly.

Vanquished Creatures
  A necrophage (D:4)
  A gnoll (D:2)
  3 adders
  A worm (D:2)
  An orc (D:3)
  7 ball pythons
  3 bats
  5 endoplasms
  4 giant cockroaches
  2 goblins
  4 hobgoblins
  5 jackals
  6 kobolds
  A quokka (D:2)
  4 frilled lizards
  5 rats
53 creatures vanquished.

Vanquished Creatures (others)
  11 plants
11 creatures vanquished.

Grand Total: 64 creatures vanquished

Notes
Turn   | Place    | Note
-------+----------+-------------------------------------------
     0 | D:1      | Lavandula the Human Monk began the quest for the Orb.
     0 | D:1      | Reached XP level 1. HP: 18/18 MP: 1/1
   163 | D:1      | Reached XP level 2. HP: 3/24 MP: 2/2
   506 | D:1      | Found a faded altar of an unknown god.
  1032 | D:2      | Reached XP level 3. HP: 29/29 MP: 3/3
  1059 | D:2      | Reached skill level 1 in Short Blades
  1505 | D:2      | Reached skill level 4 in Long Blades
  1623 | D:3      | Noticed Terence
  1652 | D:2      | Reached XP level 4. HP: 35/35 MP: 4/4
  2277 | D:3      | Found a shimmering blue altar of Sif Muna.
  3037 | D:4      | Reached XP level 5. HP: 39/41 MP: 5/5
  3082 | D:4      | Reached skill level 5 in Long Blades
  3160 | D:4      | Splashed by a jelly's acid

Illustrated notes

Levels and vault maps discovered:
D:1:      elethiomel_arrival_fortress_basement, layout_loops_cross,
          shapermc_ecumenical_altar_totnotflames
D:2:      layout_loops_corners, minmay_liquid_box, nicolae_grassy_gnolls
D:3:      layout_loops_corners, led_sif_pool, minmay_splitting_lines,
          reono_crystal_passage, uniq_terence
D:4:      layout_loops_cross, grunt_temple_overflow_open,
          minmay_temple_entry_gardened_gates, minivault_11

Skill      XL: |  1  2  3  4  5 |
---------------+----------------+-----
Short Blades   | 1 |  1.4
Long Blades    | 4 5 |  5.6
Fighting       | |  3.0
Dodging        | |  3.0
Stealth        | |  2.0

Action                     |  1- 3 |  4- 6 || total
---------------------------+-------+-------++-------
  Melee: Falchion          |    58 |    92 ||   150
         Rapier            |    29 |       ||    29
         Punch             |       |     1 ||     1
  Throw: Dart              |       |     4 ||     4
   Stab: Sleeping          |     5 |     4 ||     9
 Armour: Robe              |    16 |    18 ||    34
  Dodge: Dodged            |    78 |    54 ||   132

Table legend: (Time is in decaauts)
 A = Elapsed time spent in this place.
 B = Non-inter-level travel time spent in this place.
 C = Inter-level travel time spent in this place.
 D = Time resting spent in this place.
 E = Time spent auto-exploring this place.
 F = Levels seen in this place.
 G = Mean time per level.
                   A        B        C        D        E       F      G
               +--------+--------+--------+--------+--------+-----+--------+
         Total |   3178 |   2935 |    243 |    373 |   1837 |   4 |  794.5 |
       Dungeon |   3178 |   2935 |    243 |    373 |   1837 |   4 |  794.5 |
               +--------+--------+--------+--------+--------+-----+--------+

Top non-repeatable levels by time:
     D:1: 1334 daAuts
     D:3: 1007 daAuts
     D:2: 625 daAuts
     D:4: 210 daAuts
